3AA
ATHLETIC CLUB KC ACADEMY @ DURHAM RAPIERS
08/17/2038
 
TOP OF THE 1ST
Athletic Club KC Academy batting - Pitching for Durham Rapiers : RHP António Fernández
Pitching: RHP António Fernández
Batting: RHB Gabriel Martínez 0-0: Swinging Strike
0-1: Ball
1-1: Fly out, F9 (Flyball, 9LS, EV 88.1 MPH)
Batting: RHB Ali Ben Bongo 0-0: Ball
1-0: Foul Ball, location: 2F
1-1: Ball
2-1: Ball
3-1: Swinging Strike
3-2: Fly out, F8 (Line Drive, 8LM, EV 88.8 MPH)
Batting: RHB Donald Guegan 0-0: Called Strike
0-1: Foul Ball, location: 2F
0-2: Foul Ball, location: 2F
0-2: Ball
1-2: Foul Ball, location: 2F
1-2: Ball
2-2: SINGLE (Flyball, 7LS, EV 99.4 MPH)
Batting: LHB Oriol Fernández 0-0: Ball
1-0: Ball
2-0: Foul Ball, location: 2F
2-1: Ball
3-1: Foul Ball, location: 2F
3-2: Base on Balls
Donald Guegan to second
Batting: RHB Sancho Prieto 0-0: Ball
1-0: Foul Ball, location: 2F
1-1: Ball
2-1: Ball
3-1: Swinging Strike
3-2: Foul Ball, location: 2F
3-2: Strikes out swinging
Top of the 1st over - 0 runs, 1 hit, 0 errors, 2 left on base; Athletic Club KC Academy 0 - Durham 0
BOTTOM OF THE 1ST
Durham Rapiers batting - Pitching for Athletic Club KC Academy : RHP Billy Fitzgerald Jr.
Pitching: RHP Billy Fitzgerald Jr.
Batting: RHB Kevin Bates 0-0: Ball
1-0: Called Strike
1-1: Fly out, F8 (Line Drive, 8RD, EV 91.2 MPH)
Batting: RHB Brandon Palmer 0-0: Ball
1-0: Ball
2-0: SINGLE (Groundball, 56D, EV 93.8 MPH)
Batting: SHB John Wilder 0-0: Foul Ball, location: 2F
0-1: Ball
1-1: Ball
2-1: Ball
3-1: Foul Ball, location: 2F
3-2: 2-RUN HOME RUN (Flyball, 9D, EV 106.2 MPH), Distance : 376 ft
Batting: RHB Bearooz Yacoobi 0-0: Foul Ball, location: 2F
0-1: Ball
1-1: Swinging Strike
1-2: Ball
2-2: Ball
3-2: Strikes out swinging
Batting: SHB Guo-liang Ye 0-0: Called Strike
0-1: Fly out, F8 (Flyball, 8LXD, EV 86.9 MPH)
Bottom of the 1st over - 2 runs, 2 hits, 0 errors, 0 left on base; Athletic Club KC Academy 0 - Durham 2
TOP OF THE 2ND
Athletic Club KC Academy batting - Pitching for Durham Rapiers : RHP António Fernández
Batting: LHB León Guillén 0-0: Ball
1-0: SINGLE (Flyball, 89M, EV 91.9 MPH)
Batting: RHB Woody Thomas 0-0: Ball
1-0: Ball
2-0: Foul Ball, location: 2F
2-1: Grounds into double play, 4-6-3 (Groundball, 34, EV 108.8 MPH)
Batting: RHB Rodrigo Sousa 0-0: Ball
1-0: Called Strike
1-1: Foul Ball, location: 2F
1-2: Ball
2-2: SINGLE (Flyball, 78S, EV 98.8 MPH)
Batting: RHB Jorge Ávila 0-0: Ball
1-0: Called Strike
1-1: Fielders Choice at 2nd, 6-4 (Groundball, 6, EV 85.0 MPH)
Top of the 2nd over - 0 runs, 2 hits, 0 errors, 1 left on base; Athletic Club KC Academy 0 - Durham 2
BOTTOM OF THE 2ND
Durham Rapiers batting - Pitching for Athletic Club KC Academy : RHP Billy Fitzgerald Jr.
Batting: RHB Marvin Strickland 0-0: Ball
1-0: SINGLE (Groundball, 6MD, EV 95.6 MPH)
Batting: SHB Rafael González 0-0: Ball
1-0: Foul Ball, location: 2F
1-1: Ball
2-1: Foul Ball, location: 2F
2-2: Fly out, F9 (Flyball, 9S, EV 80.6 MPH)
Batting: SHB Tekkan Hayagawa 0-0: Ball
1-0: Ball
2-0: Swinging Strike
2-1: Swinging Strike
2-2: Foul Ball, location: 2F
2-2: Ball
3-2: Foul Ball, location: 2F
3-2: Foul Ball, location: 2F
3-2: SINGLE (Groundball, 6M, EV 95.6 MPH)
Marvin Strickland to second
Batting: RHB Kiyohira Kan 0-0: Ball
1-0: Foul Ball, location: 2F
1-1: Called Strike
1-2: Foul Ball, location: 2F
1-2: Ball
2-2: Foul Ball, location: 2F
2-2: SINGLE (Flyball, 89S, EV 90.0 MPH)
Marvin Strickland to third
Tekkan Hayagawa to second
Batting: RHB Kevin Bates 0-0: Ball
1-0: Called Strike
1-1: Ball
2-1: Ball
3-1: Called Strike
3-2: Fly out, F9 (Flyball, 9LMF, EV 95.0 MPH)
Batting: RHB Brandon Palmer 0-0: Called Strike
0-1: Ball
1-1: Fielders Choice at 2nd, 6-4 (Groundball, 6, EV 88.8 MPH)
Bottom of the 2nd over - 0 runs, 3 hits, 0 errors, 3 left on base; Athletic Club KC Academy 0 - Durham 2
TOP OF THE 3RD
Athletic Club KC Academy batting - Pitching for Durham Rapiers : RHP António Fernández
Batting: RHB Gabriel Martínez 0-0: Swinging Strike
0-1: Ball
1-1: Foul Ball, location: 2F
1-2: Ball
2-2: Foul Ball, location: 2F
2-2: Fly out, F8 (Flyball, 8LS, EV 90.6 MPH)
Batting: RHB Ali Ben Bongo 0-0: Called Strike
0-1: Ground out 5-3 (Groundball, 5L, EV 100.0 MPH)
Batting: RHB Donald Guegan 0-0: Called Strike
0-1: Swinging Strike
0-2: Strikes out swinging
Top of the 3rd over - 0 runs, 0 hits, 0 errors, 0 left on base; Athletic Club KC Academy 0 - Durham 2
BOTTOM OF THE 3RD
Durham Rapiers batting - Pitching for Athletic Club KC Academy : RHP Billy Fitzgerald Jr.
Batting: SHB John Wilder 0-0: Ball
1-0: Ball
2-0: Ball
3-0: Base on Balls
Batting: RHB Bearooz Yacoobi 0-0: Ball
1-0: Ball
2-0: Ball
3-0: Called Strike
3-1: SINGLE (Flyball, 89M, EV 96.9 MPH)
John Wilder to second
Batting: SHB Guo-liang Ye 0-0: Ball
1-0: Called Strike
1-1: 3-RUN HOME RUN (Flyball, 9D, EV 98.1 MPH), Distance : 364 ft
Batting: RHB Marvin Strickland 0-0: Ball
1-0: SOLO HOME RUN (Flyball, 89XD, EV 106.2 MPH), Distance : 418 ft
Pitching: LHP Justin Wright
Batting: SHB Rafael González 0-0: Called Strike
0-1: Ground out 2-3 (Groundball, 15S, EV 65.0 MPH)
Batting: SHB Tekkan Hayagawa 0-0: Swinging Strike
0-1: Called Strike
0-2: Ball
1-2: Fly out, F9 (Flyball, 89M, EV 85.0 MPH)
Batting: RHB Kiyohira Kan 0-0: Foul Ball, location: 2F
0-1: DOUBLE (Flyball, 78D, EV 97.5 MPH)
Batting: RHB Kevin Bates 0-0: SINGLE (Groundball, 6D, EV 104.4 MPH)
Kiyohira Kan to third
Runner from 3rd tries for Home, SAFE, throw by CF to home
Batting: RHB Brandon Palmer 0-0: Ball
1-0: Ball
2-0: Ball
3-0: Base on Balls
Kevin Bates to second
Batting: SHB John Wilder 0-0: Ball
1-0: Ball
2-0: Ball
3-0: Base on Balls
Kevin Bates to third
Brandon Palmer to second
Batting: RHB Bearooz Yacoobi 0-0: Ball
1-0: Called Strike
1-1: Swinging Strike
1-2: Foul Ball, location: 2F
1-2: Ball
2-2: Foul Ball, location: 2F
2-2: Foul Ball, location: 2F
2-2: Strikes out swinging
Bottom of the 3rd over - 5 runs, 5 hits, 0 errors, 3 left on base; Athletic Club KC Academy 0 - Durham 7
TOP OF THE 4TH
Athletic Club KC Academy batting - Pitching for Durham Rapiers : RHP António Fernández
Now in RF: Huai-yi Yang
Batting: LHB Oriol Fernández 0-0: Foul Ball, location: 2F
0-1: Fly out, F9 (Flyball, 9D, EV 81.9 MPH)
Batting: RHB Sancho Prieto 0-0: Called Strike
0-1: Ball
1-1: Ball
2-1: Ball
3-1: Foul Ball, location: 2F
3-2: Foul Ball, location: 2F
3-2: Base on Balls
Batting: LHB León Guillén 0-0: Ball
1-0: Grounds into double play, 6-4-3 (Groundball, 6, EV 85.6 MPH)
Top of the 4th over - 0 runs, 0 hits, 0 errors, 0 left on base; Athletic Club KC Academy 0 - Durham 7
BOTTOM OF THE 4TH
Durham Rapiers batting - Pitching for Athletic Club KC Academy : LHP Justin Wright
Batting: SHB Guo-liang Ye 0-0: Ball
1-0: Foul Ball, location: 2F
1-1: Called Strike
1-2: Ball
2-2: Strikes out swinging
Batting: RHB Marvin Strickland 0-0: Ball
1-0: Swinging Strike
1-1: Called Strike
1-2: Ball
2-2: Strikes out swinging
Batting: SHB Rafael González 0-0: Ball
1-0: Ball
2-0: Called Strike
2-1: Fly out, F8 (Flyball, 8LXD, EV 91.2 MPH)
Bottom of the 4th over - 0 runs, 0 hits, 0 errors, 0 left on base; Athletic Club KC Academy 0 - Durham 7
TOP OF THE 5TH
Athletic Club KC Academy batting - Pitching for Durham Rapiers : RHP António Fernández
Batting: RHB Woody Thomas 0-0: Called Strike
0-1: Ball
1-1: Called Strike
1-2: Foul Ball, location: 2F
1-2: DOUBLE (Line Drive, 9LD, EV 108.1 MPH)
Batting: RHB Rodrigo Sousa 0-0: Fly out, F9 (Flyball, 9LS, EV 78.1 MPH)
Batting: RHB Jorge Ávila 0-0: Ball
1-0: Ball
2-0: Called Strike
2-1: Foul Ball, location: 2F
2-2: Foul Ball, location: 2F
2-2: Strikes out swinging
Batting: RHB Gabriel Martínez 0-0: Ball
1-0: Ball
2-0: Ball
3-0: Base on Balls
Batting: RHB Ali Ben Bongo 0-0: Called Strike
0-1: Foul Ball, location: 2F
0-2: Ball
1-2: Ball
2-2: Ball
3-2: Fly out, F8 (Flyball, 8LD, EV 92.5 MPH)
Top of the 5th over - 0 runs, 1 hit, 0 errors, 2 left on base; Athletic Club KC Academy 0 - Durham 7
BOTTOM OF THE 5TH
Durham Rapiers batting - Pitching for Athletic Club KC Academy : LHP Justin Wright
Batting: SHB Tekkan Hayagawa 0-0: Called Strike
0-1: Ball
1-1: Ball
2-1: SINGLE (Flyball, 89S, EV 88.8 MPH)
Batting: RHB Huai-yi Yang 0-0: Ball
1-0: Foul Ball, location: 2F
1-1: Foul Ball, location: 2F
1-2: Foul Ball, location: 2F
1-2: SINGLE (Line Drive, 78M, EV 93.1 MPH)
Tekkan Hayagawa to second
Batting: RHB Kevin Bates 0-0: Ball
1-0: 3-RUN HOME RUN (Flyball, 78XD, EV 99.4 MPH), Distance : 452 ft
Batting: RHB Brandon Palmer 0-0: Swinging Strike
0-1: Called Strike
0-2: Ball
1-2: Foul Ball, location: 2F
1-2: Strikes out looking
Batting: SHB John Wilder 0-0: SINGLE (Flyball, 7S, EV 93.8 MPH)
Batting: RHB Bearooz Yacoobi 0-0: Ball
1-0: Ball
2-0: Called Strike
2-1: Swinging Strike
2-2: Fly out, F8 (Line Drive, 8RM, EV 93.8 MPH)
Batting: SHB Guo-liang Ye 0-0: Called Strike
0-1: Fly out, F9 (Flyball, 9S, EV 84.4 MPH)
Bottom of the 5th over - 3 runs, 4 hits, 0 errors, 1 left on base; Athletic Club KC Academy 0 - Durham 10
TOP OF THE 6TH
Athletic Club KC Academy batting - Pitching for Durham Rapiers : RHP António Fernández
Batting: RHB Donald Guegan 0-0: Called Strike
0-1: SINGLE (Line Drive, 8RS, EV 91.9 MPH)
Batting: LHB Oriol Fernández 0-0: Swinging Strike
0-1: 2-RUN HOME RUN (Flyball, 7LD, EV 95.6 MPH), Distance : 354 ft
Batting: RHB Sancho Prieto 0-0: Fly out, F8 (Flyball, 8LD, EV 103.8 MPH)
Batting: LHB León Guillén 0-0: Foul Ball, location: 2F
0-1: Ball
1-1: Ball
2-1: SINGLE (Line Drive, 9S, EV 90.6 MPH)
Pitching: RHP Leon Sorensen
Batting: RHB Woody Thomas 0-0: Ball
1-0: Ball
2-0: Called Strike
2-1: Foul Ball, location: 2F
2-2: Ball
3-2: SINGLE (Flyball, 9LM, EV 100.0 MPH)
León Guillén to second
Batting: RHB Rodrigo Sousa 0-0: Ball
1-0: Called Strike
1-1: Ball
2-1: Ball
3-1: Base on Balls
León Guillén to third
Woody Thomas to second
Batting: RHB Jorge Ávila 0-0: Foul Ball, location: 2F
0-1: Ball
1-1: Ball
2-1: Called Strike
2-2: Foul Ball, location: 2F
2-2: Ball
3-2: Foul Ball, location: 2F
3-2: Foul Ball, location: 2F
3-2: Foul Ball, location: 2F
3-2: Grounds into double play, 5-4-3 (Groundball, 56S, EV 86.9 MPH)
Top of the 6th over - 2 runs, 4 hits, 0 errors, 2 left on base; Athletic Club KC Academy 2 - Durham 10
BOTTOM OF THE 6TH
Durham Rapiers batting - Pitching for Athletic Club KC Academy : LHP Justin Wright
Batting: RHB Marvin Strickland 0-0: Foul Ball, location: 2F
0-1: Ball
1-1: Called Strike
1-2: Fly out, F9 (Flyball, 89S, EV 83.1 MPH)
Pitching: RHP James Cook
Batting: SHB Rafael González 0-0: Called Strike
0-1: Ball
1-1: Hit by Pitch
Batting: SHB Tekkan Hayagawa 0-0: Ball
1-0: Called Strike
1-1: Foul Ball, location: 2F
1-2: Strikes out swinging
Batting: RHB Huai-yi Yang 0-0: Swinging Strike
0-1: Called Strike
0-2: TRIPLE (Line Drive, 89XD, EV 105.6 MPH)
Rafael González scores
Batting: RHB Kevin Bates 0-0: Swinging Strike
0-1: Ball
1-1: Ground out 6-3 (Groundball, 6D, EV 102.5 MPH)
Bottom of the 6th over - 1 run, 1 hit, 0 errors, 1 left on base; Athletic Club KC Academy 2 - Durham 11
TOP OF THE 7TH
Athletic Club KC Academy batting - Pitching for Durham Rapiers : RHP Leon Sorensen
Pinch Hitting: RHB Andy Roarick 0-0: Ball
1-0: Called Strike
1-1: Ball
2-1: Foul Ball, location: 2F
2-2: Strikes out swinging
Batting: RHB Ali Ben Bongo 0-0: Called Strike
0-1: Foul Ball, location: 2F
0-2: SINGLE (Groundball, 34D, EV 97.5 MPH)
Batting: RHB Donald Guegan 0-0: Ball
Ali Ben Bongo steals 2nd base (no throw)
1-0: Called Strike
1-1: Ball
2-1: Ball
3-1: Swinging Strike
3-2: Base on Balls
Pinch Hitting: LHB Ronnie Boehmer 0-0: Ground out 3-1 (Groundball, 3S, EV 90.6 MPH)
Ali Ben Bongo to third
Donald Guegan to second
Batting: RHB Sancho Prieto 0-0: Ball
1-0: Ball
2-0: Ball
3-0: Called Strike
3-1: Base on Balls
Batting: LHB León Guillén 0-0: Ball
1-0: Swinging Strike
1-1: Ball
2-1: Foul Ball, location: 2F
2-2: Ground out 4-3 (Groundball, 4, EV 103.8 MPH)
Top of the 7th over - 0 runs, 1 hit, 0 errors, 3 left on base; Athletic Club KC Academy 2 - Durham 11
BOTTOM OF THE 7TH
Durham Rapiers batting - Pitching for Athletic Club KC Academy : RHP James Cook
Now at 3B: Ronnie Boehmer
Now in LF: Andy Roarick
Batting: RHB Brandon Palmer 0-0: Called Strike
0-1: SINGLE (Line Drive, 78S, EV 90.6 MPH)
Batting: SHB John Wilder 0-0: Foul Ball, location: 2F
0-1: Ball
1-1: Ball
2-1: SINGLE (Groundball, 3D, EV 105.6 MPH)
Brandon Palmer to second
Batting: RHB Bearooz Yacoobi 0-0: Ball
1-0: Ball
2-0: Fly out, F9 (Flyball, 89M, EV 89.4 MPH)
Batting: SHB Guo-liang Ye 0-0: Ball
1-0: Ball
2-0: Called Strike
2-1: Swinging Strike
2-2: Foul Ball, location: 2F
2-2: Strikes out swinging
Pinch Hitting: RHB Scott Pearson 0-0: Swinging Strike
0-1: Ball
1-1: Ball
2-1: Fielders Choice at 2nd, 6-4 (Groundball, 6, EV 88.8 MPH)
Bottom of the 7th over - 0 runs, 2 hits, 0 errors, 2 left on base; Athletic Club KC Academy 2 - Durham 11
TOP OF THE 8TH
Athletic Club KC Academy batting - Pitching for Durham Rapiers : RHP Leon Sorensen
Now at 1B: Nelson Ross
Batting: RHB Woody Thomas 0-0: Fly out, F7 (Flyball, 78D, EV 96.2 MPH)
Batting: RHB Rodrigo Sousa 0-0: Called Strike
0-1: Swinging Strike
0-2: Foul Ball, location: 2F
0-2: Ball
1-2: Ball
2-2: Foul Ball, location: 2F
2-2: Ball
3-2: Strikes out looking
Batting: RHB Jorge Ávila 0-0: Ball
1-0: Foul Ball, location: 2F
1-1: Fly out, F8 (Flyball, 78D, EV 96.2 MPH)
Top of the 8th over - 0 runs, 0 hits, 0 errors, 0 left on base; Athletic Club KC Academy 2 - Durham 11
BOTTOM OF THE 8TH
Durham Rapiers batting - Pitching for Athletic Club KC Academy : RHP James Cook
Batting: SHB Rafael González 0-0: Called Strike
0-1: Ball
1-1: Ground out 4-3 (Groundball, 4, EV 84.4 MPH)
Batting: SHB Tekkan Hayagawa 0-0: Called Strike
0-1: Ball
1-1: Ball
2-1: Foul Ball, location: 2F
2-2: Foul Ball, location: 2F
2-2: SINGLE (Groundball, 4D, EV 97.5 MPH)
Batting: RHB Huai-yi Yang 0-0: Called Strike
0-1: SINGLE (Groundball, 4MD, EV 103.8 MPH)
Tekkan Hayagawa to second
Batting: RHB Kevin Bates 0-0: Called Strike
0-1: Swinging Strike
0-2: Fielders Choice at 2nd, 1-4 (Groundball, 25, EV 68.1 MPH)
Tekkan Hayagawa to third
Batting: RHB Brandon Palmer 0-0: Called Strike
0-1: Ball
1-1: Called Strike
1-2: Fielders Choice at 2nd, U6 (Groundball, 6M, EV 83.8 MPH)
Bottom of the 8th over - 0 runs, 2 hits, 0 errors, 2 left on base; Athletic Club KC Academy 2 - Durham 11
TOP OF THE 9TH
Athletic Club KC Academy batting - Pitching for Durham Rapiers : RHP Leon Sorensen
Batting: RHB Andy Roarick 0-0: SINGLE (Line Drive, 5D, EV 105.0 MPH)
Pitching: LHP Curt Moore
Batting: RHB Ali Ben Bongo 0-0: Ball
1-0: Ball
2-0: Foul Ball, location: 2F
2-1: Ball
3-1: Foul Ball, location: 2F
3-2: SINGLE (Flyball, 9LS, EV 96.9 MPH)
Andy Roarick to second
Batting: RHB Donald Guegan 0-0: Ball
1-0: Ball
2-0: Called Strike
2-1: Fly out, F9 (Flyball, 9, EV 91.2 MPH)
Batting: LHB Ronnie Boehmer 0-0: Called Strike
0-1: Called Strike
0-2: Ball
1-2: Strikes out swinging
Batting: RHB Sancho Prieto 0-0: Called Strike
0-1: Called Strike
0-2: Ball
1-2: Foul Ball, location: 2F
1-2: Foul Ball, location: 2F
1-2: Ball
2-2: Fielders Choice at 2nd, 5-4 (Groundball, 56, EV 89.4 MPH)
Top of the 9th over - 0 runs, 2 hits, 0 errors, 2 left on base; Athletic Club KC Academy 2 - Durham 11
Friday, April 17th, 2020 - OOTP Baseball 20.8 Build 74